 Dungeon Crawl Stone Soup version 0.30-a0-161-gdd60e06945 (webtiles) character file.

Game seed: 17632080268113649130

159 qw the Chopper (level 5, -1/32 HPs)
             Began as a Gargoyle Fighter on Sept 27, 2022.
             Slain by a black bear (6 damage)
             ... on level 4 of the Dungeon.
             The game lasted 00:00:53 (2396 turns).

qw the Chopper (Gargoyle Fighter)                   Turns: 2396, Time: 00:00:54

Health: -1/32      AC: 15    Str: 22    XL:     5   Next: 40%
Magic:  5/5        EV:  7    Int:  8    God:
Gold:   196        SH:  4    Dex:  9    Spells: 4/4 levels left

rFire   . . .      SeeInvis .    Y - +0 war axe
rCold   . . .      Faith    .    c - +0 buckler
rNeg    + . .      Spirit   .    k - +0 chain mail
rPois   inf        Reflect  .    (no helmet)
rElec   +          Harm     .    (no cloak)
rCorr   .          Rampage  .    f - +0 pair of gloves
Will    .....                    g - +0 pair of boots
Stlth   ..........               (no amulet)
HPRegen 0.10/turn                (no ring)
MPRegen 0.09/turn                (no ring)

@: about to teleport
A: sickness immunity, AC +4, negative energy resistance 1, electricity
resistance, torment resistance 1, petrification resistance, mutation resistance
1
a: no special abilities


You were on level 4 of the Dungeon.
You visited 1 branch of the dungeon, and saw 4 of its levels.

You collected 196 gold pieces.


Innate Abilities, Weirdness & Mutations

You are immune to sickness and miasma.
Your stone body is resilient. (AC +4)
You are immune to poison.
You resist negative energy. (rN+)
You are resistant to electric shocks. (rElec)
You are resistant to unholy torment.
You are immune to petrification.
You are somewhat resistant to further mutation.


   Skills:
 - Level 3.2 Fighting
 + Level 4.8 Axes
 - Level 1.0 Throwing
 - Level 3.2 Armour
 - Level 3.2 Shields


You had 4 spell levels left.
You didn't know any spells.
Your spell library was empty.

Inventory:

Hand Weapons
 m - a +0 whip
 Y - a +0 war axe (weapon)
Missiles
 n - 2 javelins (quivered)
 o - 3 boomerangs
Armour
 c - a +0 buckler (worn)
 f - a +0 pair of gloves (worn)
 g - a +0 pair of boots (worn)
 k - a +0 chain mail (worn)
Scrolls
 a - a scroll of identify
Potions
 d - a potion of might
 e - a potion of haste
 l - a potion of attraction

Dungeon Overview and Level Annotations

Branches:
Dungeon (4/15)
 Temple: D:4-7

Altars:


Message History

You kill the kobold!
The black bear goes berserk!
The black bear bites you but does no damage.
The black bear claws you but does no damage. x2
You hit the black bear but do no damage.
The black bear is almost dead.
The black bear bites you but does no damage.
The black bear claws you but does no damage. x2
The black bear bites you but does no damage.
The black bear barely misses you. The black bear claws you.
You hit the black bear but do no damage.
The black bear is almost dead.
The black bear bites you but does no damage.
The black bear claws you but does no damage. x2
You hit the black bear.
The black bear is almost dead.
The black bear bites you! The black bear barely misses you.
The black bear claws you but does no damage.
The black bear bites you but does no damage.
The black bear claws you but does no damage. x2
You closely miss the black bear.
The black bear is almost dead.
The black bear barely misses you. You block the black bear's attack.
The black bear claws you.
The black bear bites you but does no damage.
The black bear completely misses you. The black bear claws you.
You closely miss the black bear.
The black bear is almost dead.
The black bear bites you! The black bear claws you.
The black bear claws you but does no damage.
The black bear bites you but does no damage.
The black bear barely misses you.
The black bear claws you but does no damage.
2396 ||| READING scroll of teleportation.
As you read the scroll of teleportation, it crumbles to dust.
You feel strangely unstable.
The black bear bites you but does no damage.
The black bear closely misses you. The black bear barely misses you.
The black bear bites you.
You die...

# #. .# #.#.. . #. .##
#.#.# # (. ..#...
#.#.### #.###..#...
#.#.##. #( ....##.#
#.#.##. #. #.#.##.#
#.#....
#.####h##.#.##.###.#.##.
......)@................
.#####..#.#.##.###.#.#..
#..#.#.#......#.##.
#..#......#####.##.
#......#.######.#..
##.#####.........#. ...#
###########. ##### #.


You could see a black bear (berserk).

Vanquished Creatures
  Jessica (D:2)
  Terence (D:2)
  An orc wizard (D:3)
  An adder (D:3)
  A worm (D:3)
  2 dart slugs
  6 orcs (D:3)
  9 bats
  3 endoplasms
  5 giant cockroaches
  3 goblins
  4 hobgoblins
  3 jackals (D:1)
  4 kobolds
  A quokka (D:2)
  6 ball pythons
  2 frilled lizards (D:1)
  6 rats
59 creatures vanquished.

Notes
Turn   | Place    | Note
-------+----------+-------------------------------------------
     0 | D:1      | qw the Gargoyle Fighter began the quest for the Orb.
     0 | D:1      | Reached XP level 1. HP: 14/14 MP: 1/1
     0 | D:1      | 0 ||| qw: Version: 0.2-a-10-g37ed214
     0 | D:1      | 0 ||| qw: Game counter: 694
     0 | D:1      | 0 ||| qw: Always use a shield: true
     0 | D:1      | 0 ||| qw: God list: Okawaru
     0 | D:1      | 0 ||| qw: Allow faded altars: false
     0 | D:1      | 0 ||| qw: Do Orc after D:15 true
     0 | D:1      | 0 ||| qw: Do second Lair branch before Depths: true
     0 | D:1      | 0 ||| qw: Lair rune preference: random
     0 | D:1      | 0 ||| qw: Plans: Normal, Zot:1-4, God:TSO, Crypt, Tomb,
                  | Pan, Slime:5, Hells, Abyss, Orb
     0 | D:1      | 0 ||| PLANNING D:1-11
    34 | D:1      | Reached skill level 2 in Axes
    87 | D:1      | 87 ||| Stepping ~*~*~tactically~*~*~ (stealth).
    93 | D:1      | Reached XP level 2. HP: 19/19 MP: 2/2
    96 | D:1      | 96 ||| Stepping ~*~*~tactically~*~*~ (hiding).
   336 | D:1      | 336 ||| Stepping ~*~*~tactically~*~*~ (stealth).
   357 | D:1      | 357 ||| Stepping ~*~*~tactically~*~*~ (stealth).
   367 | D:1      | Reached skill level 3 in Axes
   589 | D:1      | Found a faded altar of an unknown god.
   592 | D:1      | 592 ||| UPGRADING to +0 pair of boots.
   597 | D:1      | 597 ||| READING 2 scrolls labelled QIPTUTSIEKK.
   598 | D:1      | 598 ||| READING 2 scrolls labelled BIEWA VUMO.
   599 | D:1      | 599 ||| READING scroll labelled QATARIRHAQ.
   700 | D:1      | 700 ||| DROPPING scroll of immolation.
   804 | D:2      | Reached XP level 3. HP: 23/23 MP: 3/3
   851 | D:2      | 851 ||| Stepping ~*~*~tactically~*~*~ (hiding).
   864 | D:2      | 864 ||| READING scroll labelled KOBAHI ROKH.
   866 | D:2      | 866 ||| READING scroll labelled JAT WEIRUOST.
   868 | D:2      | 868 ||| Stepping randomly (stuck).
   900 | D:2      | Reached skill level 1 in Throwing
   902 | D:2      | Noticed Jessica
   907 | D:2      | Killed Jessica
   913 | D:2      | Reached XP level 4. HP: 19/28 MP: 4/4
   989 | D:2      | 989 ||| Stepping ~*~*~tactically~*~*~ (stealth).
   990 | D:2      | 990 ||| Stepping ~*~*~tactically~*~*~ (stealth).
  1205 | D:2      | Noticed Terence
  1221 | D:2      | Killed Terence
  1222 | D:2      | Reached skill level 4 in Axes
  1386 | D:2      | 1386 ||| Stepping ~*~*~tactically~*~*~ (stealth).
  1472 | D:2      | 1472 ||| UPGRADING to +0 chain mail.
  1482 | D:2      | 1482 ||| DROPPING +0 scale mail.
  1483 | D:2      | 1483 ||| READING scroll labelled WUNUCU JYSE.
  1487 | D:2      | 1487 ||| READING scroll labelled WEIDE XENOA.
  1488 | D:2      | 1488 ||| DRINKING 2 clear potions.
  1489 | D:2      | 1489 ||| READING 2 scrolls of identify.
  1489 | D:2      | 1489 ||| IDENTIFYING smoky green potion
  1595 | D:3      | 1595 ||| Stepping ~*~*~tactically~*~*~ (stealth).
  1602 | D:3      | 1602 ||| Stepping ~*~*~tactically~*~*~ (hiding).
  1629 | D:3      | Reached XP level 5. HP: 11/32 MP: 5/5
  1777 | D:3      | 1777 ||| FLEEEEING.
  1778 | D:3      | 1778 ||| FLEEEEING.
  1779 | D:3      | 1779 ||| FLEEEEING.
  1786 | D:3      | 1786 ||| FLEEEEING.
  1787 | D:3      | 1787 ||| FLEEEEING.
  1870 | D:3      | 1870 ||| DROPPING +0 club.
  1962 | D:3      | 1962 ||| Stepping ~*~*~tactically~*~*~ (stealth).
  2028 | D:3      | 2028 ||| Stepping ~*~*~tactically~*~*~ (stealth).
  2328 | D:3      | 2328 ||| UPGRADING to +0 pair of gloves.
  2333 | D:3      | 2333 ||| READING scroll labelled YLOSENNAHU.
  2334 | D:3      | 2334 ||| DRINKING 2 murky green potions.
  2334 | D:3      | Gained mutation: Armour fits poorly on your strangely
                  | shaped body. [potion of mutation]
  2335 | D:3      | 2335 ||| DRINKING potion of mutation.
  2335 | D:3      | Lost mutation: Armour fits poorly on your strangely shaped
                  | body. [potion of mutation]
  2335 | D:3      | Gained mutation: You are somewhat resistant to further
                  | mutation. [potion of mutation]
  2336 | D:3      | 2336 ||| READING 4 scrolls of identify.
  2336 | D:3      | 2336 ||| IDENTIFYING emerald potion
  2337 | D:3      | 2337 ||| READING 3 scrolls of identify.
  2337 | D:3      | 2337 ||| IDENTIFYING fizzy red potion
  2338 | D:3      | 2338 ||| READING 2 scrolls of identify.
  2338 | D:3      | 2338 ||| IDENTIFYING metallic emerald potion
  2339 | D:3      | 2339 ||| DROPPING potion of ambrosia.
  2340 | D:3      | 2340 ||| DROPPING potion of degeneration.
  2341 | D:3      | 2341 ||| DROPPING potion of flight.
  2385 | D:4      | Noticed a black bear
  2395 | D:4      | HP: 6/32 [black bear (10)]
  2396 | D:4      | 2396 ||| READING scroll of teleportation.
  2396 | D:4      | Slain by a black bear

Levels and vault maps discovered:
D:1:      kennysheep_arrival_forest, layout_rooms,
          dreamdust_ecumenical_altar_sealed_demon
D:2:      layout_loops_cross, serial_glass, glass_columns_b, glass_columns_a,
          glass_columns_c, glass_columns_b, glass_columns_c, glass_columns_a,
          glass_columns_c, glass_columns_b, nrook_mini_backslash, uniq_jessica,
          uniq_terence
D:3:      layout_basic
D:4:      layout_basic, kennysheep_mini_moat, kennysheep_pointless_box,
          minmay_misc_feat_pillars, minmay_misc_feat_hallway, minmay_circle_x

Skill      XL: |  1  2  3  4 |
---------------+-------------+-----
Axes           | 2 3 4 |  4.8
Throwing       | 1 |  1.0
Fighting       | |  3.2
Armour         | |  3.2
Shields        | |  3.2

Action                   |  1- 3 |  4- 6 || total
-------------------------+-------+-------++-------
Melee: War axe           |    49 |    78 ||   127
Throw: Javelin           |    20 |    33 ||    53
  Use: Scroll            |     5 |     8 ||    13
       Potion            |       |     3 ||     3
Armor: Scale mail        |    30 |    13 ||    43
       Chain mail        |       |    69 ||    69
Dodge: Dodged            |    25 |    37 ||    62
Block: Buckler           |    12 |    21 ||    33

Table legend:
 A = Non-vault XP
 B = Vault XP
 C = Vault XP percentage of total XP
 D = Non-vault monster count
 E = Vault monster count
 F = Vault count percentage of total count
                 A         B        C        D         E       F
            +---------+---------+-------+---------+---------+-------
      Total |     155 |      73 |  32.0 |      57 |       2 |   3.4
            +---------+---------+-------+---------+---------+-------
        D:1 |      32 |       0 |   0.0 |      18 |       0 |   0.0
        D:2 |      27 |      73 |  73.0 |      16 |       2 |  11.1
        D:3 |      94 |       0 |   0.0 |      22 |       0 |   0.0
        D:4 |       2 |       0 |   0.0 |       1 |       0 |   0.0
            +---------+---------+-------+---------+---------+-------
